 Dungeon Crawl Stone Soup version 0.19-a0-1792-g28b16ba (webtiles) character file.

256 Alarkh the Grave Robber (level 5, 28/36 HPs)
             Began as a Mummy Necromancer on Oct 4, 2016.
             Quit the game on level 3 of the Dungeon.
             The game lasted 00:04:48 (3230 turns).

Alarkh the Grave Robber (Mummy Necromancer)         Turns: 3230, Time: 00:04:49

Health: 28/36      AC:  7    Str: 12    XL:     5   Next: 92%
Magic:  10/10      EV: 12    Int: 15    God:
Gold:   179        SH:  0    Dex: 12    Spells: 1 memorised, 10 levels left

rFire  x . .     SeeInvis .     b - +0 scimitar
rCold  + . .     Gourm    .     i - +2 leather armour {rPois}
rNeg   + + +     Faith    .     (no shield)
rPois  ∞         Spirit   .     h - +1 hat
rElec  .         Dismiss  .     n - +0 cloak
rCorr  .         Reflect  .     (no gloves)
MR     .....     Harm     .     (no boots)
Stlth  ++........               (no amulet)
                                (no ring)
                                (no ring)

@: no status effects
A: no food or potions, fire vulnerability, cold resistance 1, negative energy
resistance 3, torment resistance, unbreathing
a: no special abilities


You were on level 3 of the Dungeon.
You were not hungry.

You visited 1 branch of the dungeon, and saw 4 of its levels.

You collected 179 gold pieces.

Inventory:

Hand Weapons
 a - a +0 whip of venom
 b - a +0 scimitar (weapon)
 c - a +0 dagger
 j - a +0 mace
Armour
 h - a +1 hat (worn)
 i - a +2 leather armour of poison resistance (worn)
 l - a +0 robe
 n - a +0 cloak (worn)
Wands
 m - a wand of flame (15/48)
 o - a wand of lightning (7/15)
Scrolls
 d - a scroll of enchant weapon
 e - a scroll of identify
 f - a scroll of immolation {unknown}
 g - a scroll of fear
 k - a scroll of remove curse {unknown}
 p - a scroll of fog {unknown}
Books
 q - a book of Necromancy

   Spells                             Type                      Level
   a - Pain                           Necromancy                   1
   b - Animate Skeleton               Necromancy                   1
   c - Vampiric Draining              Necromancy                   3
   d - Regeneration                   Charms/Necromancy            3
   e - Animate Dead                   Necromancy                   4
   f - Control Undead                 Necromancy                   4


   Skills:
 + Level 0.8 Fighting
 + Level 0.4 Short Blades
 + Level 0.1(0.3) Long Blades
 + Level 1.0 Maces & Flails
 + Level 1.0 Armour
 + Level 1.8 Dodging
 + Level 1.9 Stealth
 + Level 3.5 Spellcasting
 + Level 5.5 Necromancy


You had 10 spell levels left.
You knew the following spells:

 Your Spells              Type           Power        Failure   Level  Hunger
a - Pain                  Necr           ###.         2%          1    N/A

Dungeon Overview and Level Annotations

Branches:
Dungeon (4/15)
 Temple: D:4-7

Altars:
Ashenzari
Gozag
Nemelex Xobeh
Qazlal
Trog

Annotations:
D:3 1 runed door, exclusions: door and moth of wrath


Innate Abilities, Weirdness & Mutations

You do not eat or drink.
Your flesh is vulnerable to fire.
You are immune to poison.
Your flesh is cold resistant. (rC+)
You are immune to negative energy. (rN+++)
You are immune to unholy pain and torment.
You can survive without breathing.


Message History

The water moccasin skeleton is almost destroyed.
The water moccasin skeleton bites you.
You hit the water moccasin skeleton.
You destroy the water moccasin skeleton!
Your Maces & Flails skill increases to level 1!
Your Armour skill increases to level 1!
No target in view!
You climb upwards.
Level annotation: 1 runed door, exclusions: door and moth of wrath The dart slug barely misses you.
There is a stone staircase leading down here.
You slash the dart slug!
The dart slug is almost dead.
The dart slug launches a dart at you. The slug dart hits you!
You hit the dart slug.
The dart slug is almost dead.
The dart slug launches a dart at you. The slug dart misses you.
Are you sure you want to abandon this character and quit the game? (Confirm with "yes".)

#.##.# #.#
#.##># #.#
#####.##)# #.#
.........##
#.#
.####.....#
#.# .#
#####.########
#^# .#
#....#.......#
#.# .#
#.###.######w#
#.# .# #.# #.#
#@# #.# .# #.#
#.# #.# #.# .#
#.# #.# #.#
#.# ## #.# #.#
#.# #.# #.#
#.# #.# #.#
#.# #.# #.#
#.# #####.#
#.# #.# #.#
......# #.#
#.#####.#
#########.#
#.......#


You could see a dart slug.

Vanquished Creatures
  A water moccasin skeleton (D:4)
  Ijyb (D:1)
  A hound skeleton (D:3)
  4 adders
  5 gnolls
  2 oozes
  2 worms
  2 dart slugs
  A leopard gecko (D:2)
  A ball python (D:2)
  2 giant cockroaches
  6 goblins
  9 hobgoblins
  3 jackals
  10 kobolds
  8 bats
  6 frilled lizards
  10 rats
74 creatures vanquished.

Notes
Turn   | Place    | Note
-------+----------+-------------------------------------------
     0 | D:1      | Alarkh the Mummy Necromancer began the quest for the Orb.
     0 | D:1      | Reached XP level 1. HP: 13/13 MP: 3/3
   551 | D:1      | Reached XP level 2. HP: 19/19 MP: 5/5
  1181 | D:2      | Reached XP level 3. HP: 20/24 MP: 3/6
  1323 | D:2      | Noticed Ijyb
  1337 | D:1      | Killed Ijyb
  1337 | D:1      | Reached skill level 5 in Necromancy
  1453 | D:1      | Reached XP level 4. HP: 30/30 MP: 1/7
  1837 | D:2      | Found an opulent altar of Gozag.
  1838 | D:2      | Found a sparkling altar of Nemelex Xobeh.
  1976 | D:2      | Reached XP level 5. HP: 35/35 MP: 7/9
  2066 | D:3      | Found a stormy altar of Qazlal.
  2067 | D:3      | Noticed a fire elemental
  2069 | D:3      | Noticed a water elemental
  2069 | D:3      | Noticed an air elemental
  2207 | D:3      | Noticed a moth of wrath
  2210 | D:3      | Found a bloodstained altar of Trog.
  2679 | D:3      | Found a runed door.
  2861 | D:2      | Found a shattered altar of Ashenzari.
  3225 | D:4      | Reached skill level 1 in Maces & Flails
  3225 | D:4      | Reached skill level 1 in Armour
  3230 | D:3      | Quit the game

Vault maps used:
D:1:      wheals_arrival_linesprint
D:2:      grunt_temple_overflow_opulence, nicolae_overflow_hidden_temple,
          uniq_iyjb
D:3:      nicolae_qazlal_style_of_elements, tgw_trog, uniq_crazy_yiuf_cottage
D:4:      grunt_temple_overflow_holy_war

Skill      XL: |  1  2  3  4  5 |
---------------+----------------+-----
Necromancy     | 5 |  5.5
Spellcasting   | 3 |  3.5
Maces & Flails | 1 |  1.0
Armour         | 1 |  1.0
Fighting       | |  0.8
Short Blades   | |  0.4
Long Blades    | |  0.1
Dodging        | |  1.8
Stealth        | |  1.9

Action                   |  1- 3 |  4- 6 || total
-------------------------+-------+-------++-------
Melee: Dagger            |    32 |       ||    32
       Whip              |       |    71 ||    71
       Mace              |       |     3 ||     3
       Scimitar          |       |     7 ||     7
 Cast: Pain              |    58 |    54 ||   112
  Use: Scroll            |     1 |     1 ||     2
 Stab: Sleeping          |     1 |     2 ||     3
Armor: Robe              |     9 |       ||     9
       Leather armour    |     4 |    34 ||    38
Dodge: Dodged            |    36 |    50 ||    86
